Map: New Gettysburg LE

Players

Fropez

  • Race: Protoss Protoss
  • League: Gold
  • Spawn Location: 7:00

TheBetarder - Winner!

  • Race: Zerg Zerg
  • Spawn Location: 5:00

VOD

Have the link to the VOD?

Description

Time

  • Played on: Nov. 10, 2016, 12:10 p.m.
  • Length: 24:36
Show
View Real Time Build Order
Export as new Build Order

Fropez Protoss 

Build Orders:  

Get SALT Encoding   

  12  0:11  Probe (Chrono Boost)  
  13  0:15  Pylon  
  13  0:22  Probe (Chrono Boost)  
  14  0:34  Gateway  
  15  0:35  Probe (Chrono Boost)  
  15  0:44  Assimilator  
  15  0:46  Probe (Chrono Boost)  
  16  0:57  Probe (Chrono Boost)  
  17  1:06  Pylon  
  17  1:07  Probe (Chrono Boost)  
  18  1:18  Probe (Chrono Boost)  
  19  1:22  Cybernetics Core  
  19  1:28  Probe (Chrono Boost)  
  20  1:37  Assimilator  
  20  1:39  Probe (Chrono Boost)  
  21  1:49  Probe (Chrono Boost)  
  23  2:01  Warp Gate (Chrono Boost)  
  23  2:06  Mothership Core (Chrono Boost)  
  24  2:09  Adept (Chrono Boost)  
  25  2:24  Probe  
  26  2:31  Gateway  
  26  2:36  Probe  
  27  2:41  Adept (Chrono Boost)  
  29  2:46  Gateway  
  29  2:48  Probe  
  30  3:00  Probe  
  31  3:14  Twilight Council  
  31  3:20  Gateway  
  31  3:24  Gateway  
  31  3:39  Pylon  
  31  3:48  Gateway  
  31  3:50  Resonating Glaives (Chrono Boost)  
  31  4:05  Probe  
  31  4:07  Adept x3  
  38  4:17  Probe  
  39  4:26  Pylon  
  39  4:36  Nexus  
  39  4:42  Pylon  
  39  4:44  Probe  
  40  4:47  Pylon  
  40  4:56  Probe  
  37  5:01  Gateway  
  31  5:08  Probe  
  31  5:11  Adept  
  31  5:12  Adept x2  
  38  5:20  Probe  
  39  5:32  Probe  
  39  5:33  Stalker x2  
  44  5:38  Adept  
  46  5:44  Probe  
  46  5:47  Gateway  
  46  5:48  Probe  
  48  5:57  Probe  
  49  5:58  Probe  
  49  6:03  Assimilator  
  50  6:05  Assimilator  
  50  6:08  Sentry x3  
  50  6:09  Probe  
  57  6:14  Probe  
  58  6:24  Probe  
  59  6:30  Probe  
  60  6:41  Probe  
  61  6:54  Probe x2, Forge  
  61  6:56  Charge (Chrono Boost)  
  61  6:58  Pylon  
  61  6:59  Adept x2  
  61  7:00  Adept x2  
  71  7:04  Probe  
  71  7:06  Probe  
  73  7:15  Probe  
  73  7:16  Pylon  
  74  7:24  Adept x2  
  74  7:25  Adept x3  
  74  7:26  Protoss Ground Weapons Level 1 (Chrono Boost)  
  78  7:36  Pylon  
  78  7:39  Probe  
  77  7:51  Photon Cannon  
  77  7:54  Gateway  
  77  7:55  Probe x2  
  77  7:57  Gateway  
  77  7:58  Gateway  
  79  8:03  Pylon  
  79  8:07  Probe  
  80  8:13  Probe  
  69  8:40  Probe x2  
  71  8:41  Stalker  
  71  8:42  Stalker x4  
  77  8:52  Probe x2  
  79  8:55  Pylon  
  79  8:59  Pylon  
  79  9:01  Photon Cannon  
  79  9:05  Probe x2  
  81  9:14  Photon Cannon, Protoss Ground Weapons Level 2 (Chrono Boost)  
  81  9:20  Photon Cannon  
  81  9:21  Photon Cannon  
  81  9:23  Probe x2, Templar Archives  
  81  9:24  Blink  
  83  9:35  Probe, Stalker x4  
  92  9:54  Probe x2  
  94  10:06  Probe  
  95  10:09  Nexus  
  95  10:15  Pylon  
  95  10:31  Probe x2  
  97  10:46  Stalker x5  
  97  10:47  Stalker x2  
  111  10:53  Assimilator  
  111  10:58  Assimilator  
  111  11:16  Pylon, Photon Cannon  
  111  11:19  Photon Cannon  
  111  11:21  High Templar  
  111  11:22  High Templar x7, Pylon  
  127  11:25  Archon  
  127  11:26  Archon x3  
  125  11:43  Protoss Ground Weapons Level 3 (Chrono Boost), Probe x3  
  128  11:55  Probe x2  
  128  12:12  Adept  
  128  12:13  Adept x6  
  128  12:14  Adept  
  134  12:23  Gateway  
  134  12:28  Photon Cannon  
  134  12:32  Probe  
  134  12:34  Probe  
  134  12:35  Probe, Photon Cannon, Gateway  
  137  12:38  Photon Cannon  
  137  12:44  Probe, Gateway  
  137  12:48  Probe, Psionic Storm  
  137  12:50  Probe  
  140  12:52  Nexus  
  140  12:53  High Templar x5  
  140  12:54  High Templar x3  
  140  12:56  Pylon  
  156  13:00  Pylon  
  156  13:21  Probe  
  156  13:22  Probe  
  158  13:30  Pylon, Archon x4  
  158  13:35  Pylon  
  158  13:37  Pylon  
  158  13:42  Pylon  
  158  13:43  Pylon  
  158  13:44  High Templar, Forge x2  
  158  13:45  High Templar x4  
  158  13:46  Photon Cannon  
  168  13:49  Archon x2  
  168  14:15  Assimilator  
  168  14:17  Assimilator  
  168  14:19  Pylon, Zealot x4  
  168  14:21  Zealot  
  168  14:22  Photon Cannon  
  178  14:26  Photon Cannon  
  178  14:34  Pylon  
  178  14:37  Pylon  
  178  14:39  Adept x7  
  178  14:40  Adept x2  
  178  14:41  Pylon  
  196  14:56  Robotics Facility  
  196  14:57  Robotics Facility  
  176  15:15  Probe  
  176  15:20  Protoss Ground Armor Level 1 (Chrono Boost)  
  176  15:21  Protoss Shields Level 1 (Chrono Boost)  
  175  15:24  Photon Cannon  
  175  15:25  Photon Cannon  
  175  15:37  Photon Cannon  
  175  15:38  Gateway  
  175  15:40  Gateway  
  175  15:46  Gateway  
  175  15:48  Photon Cannon  
  175  15:51  Photon Cannon, Gateway  
  175  16:13  High Templar x4  
  175  16:14  High Templar x4  
  175  16:17  Archon x2  
  175  16:18  Archon x2  
  191  16:20  Observer x2 (Chrono Boost)  
  193  16:30  Robotics Bay  
  187  17:04  Adept x6  
  171  18:04  Zealot x5  
  171  18:05  Zealot x5  
  151  18:06  Zealot x3  
  101  18:28  High Templar x3  
  101  18:29  High Templar x5  
  101  18:30  High Templar x4  
  101  18:32  Archon  
  101  18:33  Archon x3  
  123  18:34  Archon  
  98  18:54  Probe x2  
  65  19:16  Nexus  
  63  19:18  Pylon  
  63  19:20  Pylon  
  63  19:21  High Templar x3  
  63  19:23  Pylon, Zealot x3  
  63  19:24  Zealot x6  
  77  19:25  Pylon  
  77  19:27  Pylon  
  77  19:28  Pylon  
  77  19:30  Pylon  
  83  19:33  Pylon  
  83  19:34  Pylon  
  83  19:41  Forge  
  83  19:43  Pylon  
  83  19:44  Pylon  
  81  19:46  Pylon  
  81  19:48  Pylon  
  79  19:55  Zealot x6  
  79  19:56  Zealot x5  
  87  20:08  Gateway  
  87  20:10  Gateway x3  
  87  20:12  Gateway  
  87  20:13  Gateway  
  59  20:17  Gateway  
  57  20:22  Zealot x2  
  57  20:23  Zealot x3  
  57  20:24  Zealot x3  
  73  20:36  Assimilator  
  73  20:38  Assimilator  
  73  20:47  Pylon  
  73  20:48  Zealot x3  
  73  20:49  Zealot x4  
  87  20:52  Pylon  
  87  20:56  Pylon  
  80  21:37  Dark Shrine  
  80  21:38  Cybernetics Core  
  80  21:40  Probe  
  80  21:42  Templar Archives  
  81  21:51  Probe  
  74  22:02  Probe  
  74  22:06  Nexus  
  69  22:09  Zealot x4  
  69  22:10  Zealot x5  
  69  22:12  Probe  
  83  22:34  High Templar x2  
  87  22:49  Robotics Facility  
  87  22:50  Zealot  
  89  22:58  Archon  
  89  23:11  Dark Templar  
  78  23:48  Pylon  
  40  23:56  Pylon  
  40  23:58  Pylon  
  37  24:25  Nexus  
Show
View Real Time Build Order
Export as new Build Order

TheBetarder Zerg - Winner!

Build Orders: Pool First, Lurkers 

Get SALT Encoding   

  12  0:09  Drone x2  
  14  0:18  Overlord  
  14  0:38  Drone x2  
  16  0:46  Extractor  
  15  0:50  Drone  
  16  0:58  Spawning Pool  
  16  1:00  Drone  
  16  1:10  Drone  
  17  1:15  Drone  
  18  1:37  Hatchery  
  17  1:45  Zergling x4  
  19  1:49  Metabolic Boost  
  19  1:55  Queen  
  21  2:04  Overlord  
  21  2:09  Drone  
  22  2:22  Zergling x4  
  24  2:45  Spore Crawler  
  24  2:49  Drone x2  
  25  2:51  Drone  
  26  2:59  Zergling x2  
  27  3:06  Queen  
  27  3:08  Queen  
  27  3:11  Overlord  
  31  3:22  Drone x4  
  35  3:29  Extractor  
  34  3:46  Zergling x8  
  34  3:47  Zergling x8  
  41  4:03  Drone  
  39  4:18  Drone  
  39  4:19  Drone x4  
  39  4:22  Overlord x2  
  44  4:30  Lair  
  44  4:49  Queen  
  46  4:53  Hatchery  
  42  5:17  Overlord x2  
  42  5:18  Overlord  
  42  5:20  Zergling x12  
  42  5:21  Zergling x2  
  49  5:57  Evolution Chamber x2  
  47  6:11  Drone  
  47  6:12  Drone x6  
  47  6:13  Drone x6  
  60  6:21  Extractor  
  60  6:22  Extractor  
  60  6:23  Drone x4  
  60  6:24  Drone  
  63  6:33  Hydralisk Den  
  63  6:39  Spire  
  61  6:50  Drone x5  
  61  6:52  Drone  
  61  6:53  Overlord x2  
  67  7:08  Zerg Ground Armor Level 1  
  67  7:09  Zerg Missile Weapons Level 1  
  59  7:37  Hydralisk x4  
  59  7:38  Hydralisk x3  
  73  7:44  Drone x3  
  73  7:47  Overlord x3  
  76  7:53  Mutalisk x4  
  76  7:55  Mutalisk  
  76  7:58  Mutalisk  
  78  8:43  Drone x4  
  82  9:09  Zerg Ground Armor Level 2  
  82  9:10  Zerg Missile Weapons Level 2  
  82  9:16  Muscular Augments  
  82  9:37  Infestation Pit  
  81  9:39  Drone x6  
  81  9:40  Drone  
  81  9:43  Extractor  
  87  9:47  Extractor  
  86  9:53  Mutalisk x7  
  86  9:54  Mutalisk  
  86  9:59  Zergling x14  
  110  10:00  Zergling x6  
  112  10:17  Drone  
  113  10:29  Lurker Den  
  113  10:31  Hydralisk x6  
  113  10:32  Hydralisk  
  113  10:33  Hydralisk  
  129  10:37  Overlord x5  
  129  11:07  Hatchery  
  126  11:57  Hive  
  122  12:04  Zergling x2  
  122  12:05  Zergling x14  
  127  12:58  Hatchery  
  126  13:09  Drone x5  
  126  13:11  Overlord x6  
  131  13:19  Hydralisk x4  
  137  13:20  Hydralisk x2  
  137  13:25  Lurker x4  
  137  13:26  Lurker x5  
  152  13:52  Queen  
  154  14:02  Overseer x2  
  154  14:04  Overseer  
  154  14:27  Hydralisk x5  
  154  14:28  Hydralisk x3  
  170  14:47  Queen  
  154  15:27  Lurker x5  
  154  15:28  Lurker x6  
  164  15:29  Lurker x2  
  164  15:30  Hydralisk x6  
  164  15:32  Zergling x2  
  164  15:33  Zergling x4  
  182  15:55  Extractor  
  181  15:58  Extractor  
  181  16:02  Zerg Ground Armor Level 3  
  181  16:04  Zerg Missile Weapons Level 3  
  180  16:06  Hydralisk  
  180  16:07  Hydralisk x6  
  180  16:08  Hydralisk x2  
  198  16:38  Zergling x2  
  191  16:58  Drone x7  
  191  16:59  Drone x2  
  185  17:14  Drone  
  178  17:16  Drone x4  
  178  17:17  Drone x2  
  184  17:25  Hydralisk x2  
  184  17:26  Hydralisk x2  
  142  18:14  Hydralisk x4  
  142  18:15  Hydralisk x8  
  161  18:27  Lurker x6  
  163  18:28  Lurker x6  
  159  18:55  Zergling x2  
  159  18:56  Zergling x14  
  159  18:57  Zergling x8  
  159  18:59  Queen  
  133  19:34  Zergling x4  
  133  19:35  Zergling x12  
  100  20:44  Hydralisk  
  100  20:45  Hydralisk x7  
  100  20:46  Hydralisk x2  
  117  21:55  Zergling x6  
  117  21:56  Zergling x6  
  109  23:02  Zergling x6  
  109  23:03  Zergling x6  
  115  23:12  Queen  
  114  24:21  Overseer  
Tags
 
Composition
Lurkers
League
Gold
Matchup
PvZ
Opening
Pool First
Replay Pack
All Mines
Spawn Locations
Close Positions
Add a new tag
Caveats
  • Supply blocks, unpowered buildings, or Contaminate may cause inaccurate times.
  • Supply counts are checked every 10 seconds.